 Dungeon Crawl Stone Soup version 0.31-a0-618-g7ca08c1ff9 (webtiles) character file.

Game seed: 3857272383902001018

72 thirtiethelement the Chopper (level 4, -1/34 HPs)
             Began as a Demonspawn Gladiator on Aug 23, 2023.
             Slain by an iguana (8 damage)
             ... on level 3 of the Dungeon.
             The game lasted 00:03:13 (1303 turns).

thirtiethelement the Chopper (Demonspawn Gladiator) Turns: 1303, Time: 00:03:14

Health: -1/34      AC:  5    Str: 16    XL:     4   Next: 7%
Magic:  4/4        EV: 12    Int: 10    God:
Gold:   107        SH:  5    Dex: 14    Spells: 3/3 levels left

rFire   . . .        a - +0 war axe
rCold   . . .        (no shield)
rNeg    . . .        b - +0 leather armour
rPois   .            c - +0 helmet
rElec   .            p - +0 cloak
rCorr   .            (no gloves)
SInv    .            (no boots)
Will    .....        i - amulet of reflection
Stlth   +            (no ring)
HPRegen 0.25/turn    (no ring)
MPRegen 0.09/turn

%: reflection
@: no status effects
A: powered by pain 1
a: no special abilities


You were on level 3 of the Dungeon.
You visited 1 branch of the dungeon, and saw 3 of its levels.

You collected 107 gold pieces.

Inventory:

Hand Weapons
 a - a +0 war axe (weapon)
Missiles
 d - 2 throwing nets (quivered)
 e - a javelin
Armour
 b - a +0 leather armour (worn)
 c - a +0 helmet (worn)
 p - a +0 cloak (worn)
Jewellery
 i - an amulet of reflection (around neck)
Talismans
 n - a blade talisman
Scrolls
 f - a scroll of enchant weapon {unknown}
 g - 2 scrolls of fear {unknown}
 h - 3 scrolls of identify {unknown}
 k - 2 scrolls of immolation {unknown}
 l - a scroll of teleportation {unknown}
Potions
 j - a potion of ambrosia {unknown}
 m - a potion of degeneration {unknown}
 o - a potion of magic {unknown}
 q - 2 potions of curing {unknown}
 r - a potion of attraction {unknown}
 s - 2 potions of heal wounds {unknown}


   Skills:
 + Level 2.5 Fighting
 + Level 3.7 Axes
 + Level 1.7 Throwing
 + Level 1.0 Armour
 + Level 3.0 Dodging
 + Level 0.1 Stealth


You had 3 spell levels left.
You didn't know any spells.
Your spell library contained the following spells:

 Spells                   Type           Power      Damage    Failure   Level
 Conjure Ball Lightning   Conj/Air       0%         3x3d6     100%        6
 Discord                  Hex            0%         N/A       100%        8
 Disjunction              Tloc           0%         N/A       100%        8


Dungeon Overview and Level Annotations

Branches:
Dungeon (3/15)

Altars:
Ashenzari
Trog

Shops:
D:1 !


Innate Abilities, Weirdness & Mutations

You sometimes gain a little power by taking damage.


Message History

You hit the iguana.
The iguana is moderately wounded.
The iguana completely misses you.
You closely miss the iguana.
The iguana is moderately wounded.
The iguana misses you.
You hit the iguana but do no damage.
The iguana is moderately wounded.
The iguana bites you!
The iguana bites you but does no damage.
You barely miss the iguana.
The iguana is moderately wounded.
The iguana misses you.
You hit the iguana.
The iguana is severely wounded.
The iguana bites you.
You hit the iguana but do no damage.
The iguana is severely wounded.
The iguana bites you!
* * * LOW HITPOINT WARNING * * *
You block the iguana's attack.
You closely miss the iguana.
The iguana is severely wounded.
The iguana misses you.
You barely miss the iguana.
The iguana is severely wounded.
The iguana closely misses you.
You barely miss the iguana.
The iguana is severely wounded.
The iguana misses you.
You barely miss the iguana.
The iguana is severely wounded.
You block the iguana's attack. The iguana closely misses you.
You barely miss the iguana.
The iguana is severely wounded.
The iguana completely misses you.
You closely miss the iguana.
The iguana is severely wounded.
The iguana bites you!
You die...

........................)...
###.##..............#.#...#.
# #######..#.##.#.#.......
...........##.#.........
.#######....##.#.......#.
......†..................
...######.#.##..##.#.....
.#####.#.#............##
~~....l@...##...#.#...#
≈~≈#.#.#.#............#
#.#.#.##...#.....+ #.#.#
##...#....## #.#.#
##...#....## #.#.#
#..........+#
................##. ..
.###.#..#.....#.
............'.


You could see an iguana.

Vanquished Creatures
  Terence (D:2)
  An ufetubus (D:2)
  A worm (D:2)
  4 ball pythons
  6 bats
  2 endoplasms
  2 goblins
  2 hobgoblins (D:1)
  3 jackals (D:3)
  2 quokkas
  3 frilled lizards
  7 kobolds
  7 rats
41 creatures vanquished.

Notes
Turn   | Place    | Note
-------+----------+-------------------------------------------
     0 | D:1      | thirtiethelement the Demonspawn Gladiator began the quest
                  | for the Orb.
     0 | D:1      | Reached XP level 1. HP: 16/16 MP: 1/1
   288 | D:1      | Gained mutation: You sometimes gain a little power by
                  | taking damage. [demonic ancestry]
   288 | D:1      | Reached XP level 2. HP: 16/22 MP: 2/2
   347 | D:1      | Found Ixkaitucump's Distillery.
   717 | D:2      | Noticed Terence
   728 | D:2      | Killed Terence
   729 | D:2      | Reached XP level 3. HP: 21/27 MP: 3/3
  1147 | D:3      | Found a bloodstained altar of Trog.
  1167 | D:3      | Reached skill level 1 in Armour
  1187 | D:3      | Reached XP level 4. HP: 30/34 MP: 4/4
  1245 | D:3      | Found a broken altar of Ashenzari.
  1303 | D:3      | Slain by an iguana

Illustrated notes

Levels and vault maps discovered:
D:1:      sevenhm_arrival_forest_fort_large_2, layout_loops_ring, serial_shops,
          nicolae_shop_rolling_square, glass_columns_a
D:2:      layout_rooms, uniq_terence
D:3:      kennysheep_slugbush, layout_basic, nicolae_overflow_ecumenical_swirl,
          mainiacjoe_overflow_24_doors, nicolae_dithmenos_shadow_blocks,
          mainiacjoe_overflow_small_starburst, serial_bayou_pond_d

Skill      XL: |  1  2  3 |
---------------+----------+-----
Dodging        | 3 |  3.0
Axes           | 3 |  3.7
Armour         | 1 |  1.0
Fighting       | |  2.5
Throwing       | |  1.7
Stealth        | |  0.1

Action                     |  1- 3 |  4- 6 || total
---------------------------+-------+-------++-------
  Melee: War axe           |    97 |    31 ||   128
  Throw: Throwing net      |     1 |       ||     1
   Stab: Sleeping          |     2 |       ||     2
         Held in net/web   |     1 |       ||     1
 Armour: Leather armour    |    31 |     4 ||    35
  Dodge: Dodged            |    56 |    24 ||    80
  Block: Other             |    14 |    12 ||    26
         Reflection        |     1 |       ||     1

Table legend: (Time is in decaauts)
 A = Elapsed time spent in this place.
 B = Non-inter-level travel time spent in this place.
 C = Inter-level travel time spent in this place.
 D = Time resting spent in this place.
 E = Time spent auto-exploring this place.
 F = Levels seen in this place.
 G = Mean time per level.
                   A        B        C        D        E       F      G
               +--------+--------+--------+--------+--------+-----+--------+
         Total |   1344 |   1335 |      9 |      0 |    986 |   3 |  448.0 |
       Dungeon |   1344 |   1335 |      9 |      0 |    986 |   3 |  448.0 |
               +--------+--------+--------+--------+--------+-----+--------+

Top non-repeatable levels by time:
     D:1: 733 daAuts
     D:2: 413 daAuts
     D:3: 197 daAuts
